 Dungeon Sprint DCSS version 0.27.1-34-g3ba077fa99 (webtiles) character file.

Game seed: 10406929821073651246

6677 boopmooplesden the Tortoise (level 10, -1/89 HPs)
             Began as a Minotaur Fighter on Jan 3, 2022.
             Was a High Priest of Hepliaklqana.
             Succumbed to a wolf spider's poison
             ... in the Dungeon (Sprint VII: "The Pits").
             The game lasted 00:06:31 (2057 turns).

boopmooplesden the Tortoise (Minotaur Fighter)      Turns: 2057, Time: 00:06:32

Health: -1/89      AC: 21    Str: 22    XL:     10   Next: 73%
Magic:  0/9        EV: 11    Int:  5    God:    Hepliaklqana [*****.]
Gold:   0          SH: 14    Dex: 12    Spells: 9/9 levels left

rFire    . . .     SeeInvis .   g - +2 long sword (holy)
rCold    . . .     Faith    .   c - +0 kite shield
rNeg     . . .     Spirit   .   t - +4 chain mail
rPois    .         Reflect  .   (helmet restricted)
rElec    .         Harm     .   s - +0 cloak
rCorr    .         Rampage  .   u - +0 pair of gloves
Will     .....     NoTele   +   (no boots)
Stlth    ..........             (no amulet)
HPRegen  0.24/turn              (no ring)
MPRegen  0.11/turn              (no ring)

@: lethally poisoned (-1 -> -30)
A: reduced essence, horns 2, retaliatory headbutt
a: Renounce Religion, Recall Ancestor, Ancestor Identity, Transference, Idealise


You were in the Dungeon.
You worshipped Hepliaklqana.
Hepliaklqana was extremely pleased with you.
You visited 1 branch

Inventory:

Hand Weapons
 a - a +0 long sword
 g - a +2 long sword of holy wrath (weapon)
 k - a +2 falchion
 r - a +2 scimitar of flaming
Armour
 b - a +0 scale mail
 c - a +0 kite shield (worn)
 o - a +3 chain mail
 s - a +0 cloak (worn)
 t - a +4 chain mail (worn)
 u - a +0 pair of gloves (worn)
Jewellery
 d - a +3 ring of evasion
 p - a +3 ring of strength
Scrolls
 j - a scroll of blinking
 m - 5 scrolls of amnesia
 n - a scroll of summoning
Potions
 e - 8 potions of curing
 f - 2 potions of heal wounds
 h - 4 potions of magic
 i - 2 potions of berserk rage
 l - 2 potions of invisibility
 q - 2 potions of might


   Skills:
 + Level 12.3 Fighting
 + Level 15.4 Long Blades
 + Level 15.5 Armour
 + Level 7.4 Dodging
 + Level 2.6 Stealth
 + Level 15.2 Shields


You had 9 spell levels left.
You didn't know any spells.
Your spell library was empty.

Dungeon Overview and Level Annotations

Branches:
Dungeon (1/1)

Altars:
Ashenzari
Cheibriados
Dithmenos
Elyvilon
Fedhas
Gozag
Hepliaklqana
Kikubaaqudgha
Makhleb
Nemelex Xobeh
Okawaru
Qazlal
Ru
Sif Muna
Trog
Uskayaw
Vehumet
Wu Jian
Xom
Yredelemnul
Zin
The Shining One
Beogh
Jiyva
Lugonu


Innate Abilities, Weirdness & Mutations

Your life essence is reduced to manifest your ancestor. (-10% HP)
You have a pair of horns on your head.
You reflexively headbutt those who attack you in melee.


Message History

You hit the wolf spider. You headbutt the wolf spider.
The wolf spider is moderately wounded.
The wolf spider barely misses you. You furiously retaliate!
You headbutt the wolf spider, but do no damage.
The wolf spider barely misses you. You block the hornet's attack.
The deep elf zephyrmancer mumbles some strange words.
The deep elf zephyrmancer blinks!
The spriggan druid hits you but does no damage.
You slash the wolf spider! You headbutt the wolf spider!
The wolf spider is severely wounded.
You block the wolf spider's attack.
The wolf spider bites you but does no damage.
You block the hornet's attack.
The spriggan druid hits you but does no damage.
The wolf spider hits you but does no damage.
The wolf spider bites you but does no damage.
You slash the wolf spider!
The wolf spider is almost dead.
The hornet stings you.
You feel yourself slow down. The wolf spider hits you!
* * * LOW HITPOINT WARNING * * *
The wolf spider bites you.
* * * LOW HITPOINT WARNING * * *
You are lethally poisoned!
The wolf spider poisons you! The hornet closely misses you.
You riposte.
You completely miss the hornet. You closely miss the wolf spider.
The wolf spider is almost dead.
* * * LOW HITPOINT WARNING * * *
You feel extremely sick. You block the spriggan druid's attack.
The wolf spider hits you.
* * * LOW HITPOINT WARNING * * *
The wolf spider bites you but does no damage.
The hornet stings you but does no damage.
You feel you are being watched by something.
You feel your power leaking away. You block the spriggan druid's attack.
You slash the wolf spider!
You kill the wolf spider!
You feel yourself speed up.
You die...

......+ ......# ......#
'#####
'########################
.........#......#.......#
.......†.†.†....#y......#
.#####...#####'##i†.....#
.'...#.........†@y)e.......§.
.#.†.#........##+##..........
.#†..#.#####..# #..###+##.S
.#####.†...#..# #..# .
..)....#†..)..##+ #..+
)))....#.).#.........#
'###...#...#..........
...'..†#)###...####+
.).#....).†....#


You could see a spriggan druid, a deep elf zephyrmancer, a hornet and a killer
bee.

Vanquished Creatures
  A flayed ghost (D)
  2 deep elf pyromancers (D)
  A lindwurm (D)
  A wolf spider (D)
  A rust devil (D)
  A smoke demon (D)
  An orange demon (D)
  A demonic crawler (D)
  2 dream sheep (D)
  4 blink frogs (D)
  2 snapping turtles (D)
  A redback (D)
  A ynoxinul (D)
  A steam dragon (D)
  2 vampire mosquitoes (D)
  A water moccasin (D)
  An orc warrior (D)
  A swamp drake (D)
  A centaur (D)
  A phantom (D)
  A wolf (D)
  A killer bee (D)
  2 hounds (D)
  A jelly (D)
  2 quasits (D)
  An orc priest (D)
  2 orc wizards (D)
  2 small abominations (D)
  A mummy (D)
  A river rat (D)
  2 white imps (D)
  7 orcs (D)
  A ball python (D)
  A bat (D)
  2 giant cockroaches (D)
  4 jackals (D)
  A quokka (D)
  A ball python skeleton (D)
  A ball python zombie (D)
  5 frilled lizards (D)
  A quokka skeleton (D)
  A rat (D)
68 creatures vanquished.

Vanquished Creatures (collateral kills)
  4 dream sheep (D)
  An acid dragon (D)
  2 orc wizards (D)
  2 orcs (D)
9 creatures vanquished.

Vanquished Creatures (others)
  3 hexers (D)
  2 ancestors (D)
5 creatures vanquished.

Grand Total: 82 creatures vanquished

Notes
Turn   | Place    | Note
-------+----------+-------------------------------------------
     0 | D        | boopmooplesden the Minotaur Fighter began the quest for the
                  | Orb.
     0 | D        | Reached XP level 1. HP: 19/19 MP: 0/0
    40 | D        | Found a bloodstained altar of Trog.
    40 | D        | Found a shimmering blue altar of Sif Muna.
    40 | D        | Found a viscous altar of Jiyva.
    40 | D        | Found a hazy altar of Hepliaklqana.
    40 | D        | Found an opulent altar of Gozag.
    41 | D        | Found a glowing golden altar of the Shining One.
    41 | D        | Found a glowing silver altar of Zin.
    41 | D        | Found a basalt altar of Yredelemnul.
    41 | D        | Found a shimmering altar of Xom.
    41 | D        | Found an ornate altar of the Wu Jian Council.
    41 | D        | Found a sacrificial altar of Ru.
    41 | D        | Found a stormy altar of Qazlal.
    41 | D        | Found an iron altar of Okawaru.
    41 | D        | Found a sparkling altar of Nemelex Xobeh.
    41 | D        | Found a burning altar of Makhleb.
    41 | D        | Found a blossoming altar of Fedhas.
    41 | D        | Found a white marble altar of Elyvilon.
    41 | D        | Found a shadowy altar of Dithmenos.
    41 | D        | Found a snail-covered altar of Cheibriados.
    43 | D        | Found a corrupted altar of Lugonu.
    43 | D        | Found a radiant altar of Vehumet.
    44 | D        | Found an ancient bone altar of Kikubaaqudgha.
    44 | D        | Found a hide-covered altar of Uskayaw.
    44 | D        | Found a broken altar of Ashenzari.
    51 | D        | Became a worshipper of Hepliaklqana the Forgotten
    88 | D        | Noticed a water moccasin
    95 | D        | HP: 1/20 [water moccasin (7)]
    97 | D        | Killed a water moccasin
    98 | D        | Reached skill level 1 in Dodging
    98 | D        | Reached XP level 2. HP: 17/30 MP: 1/1
    98 | D        | Reached XP level 3. HP: 21/37 MP: 2/2
    98 | D        | Reached XP level 4. HP: 25/44 MP: 3/3
   340 | D        | Reached * piety under Hepliaklqana
   350 | D        | Noticed a phantom
   372 | D        | Reached XP level 5. HP: 45/45 MP: 4/4
   375 | D        | Killed a phantom
   421 | D        | Noticed a deep elf pyromancer
   422 | D        | Noticed a fire elemental
   429 | D        | Killed a deep elf pyromancer
   430 | D        | Reached skill level 10 in Long Blades
   430 | D        | Reached skill level 10 in Armour
   430 | D        | Reached skill level 10 in Shields
   430 | D        | Reached XP level 6. HP: 40/55 MP: 5/5
   430 | D        | Reached XP level 7. HP: 46/62 MP: 6/6
   580 | D        | Reached ** piety under Hepliaklqana
   580 | D        | Noticed an orange demon
   580 | D        | Noticed a vampire mosquito
   580 | D        | Noticed a vampire mosquito
   588 | D        | Killed a vampire mosquito
   589 | D        | Killed a vampire mosquito
   596 | D        | Killed an orange demon
   597 | D        | Reached XP level 8. HP: 26/70 MP: 7/7
   838 | D        | Remembered your ancestor Preben as a hexer
   887 | D        | Reached *** piety under Hepliaklqana
  1001 | D        | Noticed a snapping turtle
  1020 | D        | Killed a snapping turtle
  1023 | D        | Reached skill level 5 in Dodging
  1182 | D        | Noticed a demonic crawler
  1195 | D        | Killed a demonic crawler
  1196 | D        | Reached skill level 10 in Fighting
  1322 | D        | Noticed a deep elf pyromancer
  1322 | D        | Noticed a smoke demon
  1330 | D        | Killed a smoke demon
  1331 | D        | Reached XP level 9. HP: 36/76 MP: 8/8
  1335 | D        | Killed a deep elf pyromancer
  1607 | D        | Reached **** piety under Hepliaklqana
  1639 | D        | Reached skill level 1 in Stealth
  1667 | D        | Reached XP level 10. HP: 41/86 MP: 9/9
  1709 | D        | Noticed a rust devil
  1732 | D        | Killed a rust devil
  1835 | D        | Noticed a flayed ghost
  1844 | D        | Killed a flayed ghost
  1847 | D        | Reached skill level 15 in Long Blades
  1851 | D        | Reached skill level 15 in Armour
  2031 | D        | Reached skill level 15 in Shields
  2038 | D        | Reached ***** piety under Hepliaklqana
  2038 | D        | Noticed a deep elf zephyrmancer
  2038 | D        | Noticed a sea snake
  2038 | D        | Noticed a spriggan druid
  2042 | D        | Noticed a lindwurm
  2042 | D        | Noticed a wolf spider
  2050 | D        | Killed a lindwurm
  2057 | D        | Killed a wolf spider
  2057 | D        | Succumbed to a wolf spider's poison

Illustrated notes

Levels and vault maps discovered:
D:        pitsprint [storerooms_1, entrance_room_1, metal_vault_8, armoury_3,
          mini_pit_1, grid_room_1, main_hall_1, silver_pit, the_coven_2,
          the_vestibule_1, steel_vault_2, golden_pit, hallway_of_sentries,
          crystal_vault_4, iron_vault_4, final_vault]

Skill      XL: |  1  2  3  4  5  6  7  8  9 10 |
---------------+-------------------------------+-----
Fighting       | 6 8 9 10 11 12 | 12.3
Armour         | 6 7 10 11 12 14 15 | 15.5
Shields        | 6 10 11 12 13 15 | 15.2
Long Blades    | 6 10 12 13 14 15 | 15.4
Dodging        | 1 3 4 5 6 7 |  7.4
Stealth        | 1 2 |  2.6

Action                   |  1- 3 |  4- 6 |  7- 9 | 10-12 || total
-------------------------+-------+-------+-------+-------++-------
Melee: Falchion          |    19 |     1 |       |       ||    20
       Headbutt          |     4 |     8 |    33 |    16 ||    61
       Long sword        |     3 |    37 |   126 |    89 ||   255
Invok: Ancestor Life: He |       |       |     1 |       ||     1
  Use: Potion            |     2 |     1 |     6 |     3 ||    12
 Stab: Confused          |       |       |     1 |       ||     1
       Distracted        |       |       |       |     1 ||     1
Armor: Scale mail        |     8 |       |       |       ||     8
       Chain mail        |       |    43 |    89 |    39 ||   171
Dodge: Dodged            |     7 |    13 |    50 |    42 ||   112
Block: Kite shield       |    13 |    22 |    97 |    52 ||   184
       Rpst.: Falchion   |     2 |       |       |       ||     2
       Long sword        |       |     2 |     7 |     6 ||    15
